 Seeded DCSS version 0.32-a0-411-g744942f433 (webtiles) character file.

Game seed: 9488276093134209384 (custom seed)

63 CougarLife the Digger (level 4, 0/24 HPs)
             Began as a Gargoyle Earth Elementalist on Feb 21, 2024.
             Slain by a goblin
             ... wielding a +0 club
             ... led by Robin
              (3 damage)
             ... on level 2 of the Dungeon.
             The game lasted 00:00:42 (946 turns).

CougarLife the Digger (Gargoyle Earth Elementalist)  Turns: 946, Time: 00:00:43

Health: 0/24       AC:  5    Str: 12    XL:     4   Next: 10%
Magic:  4/8        EV: 11    Int: 17    God:
Gold:   49         SH:  0    Dex: 10    Spells: 4/8 levels left

rFire   . . .        d - +0 dagger
rCold   . . .        (no shield)
rNeg    + . .        a - +0 robe
rPois   ∞            (no helmet)
rElec   +            (no cloak)
rCorr   .            (no gloves)
SInv    .            (no boots)
Will    .....        (no amulet)
Stlth   ++           (no ring)
HPRegen 0.24/turn    (no ring)
MPRegen 0.11/turn

%: no passive effects
@: no status effects
A: sickness immunity, AC +3, negative energy resistance 1, electricity
resistance, torment resistance 1, petrification resistance
a: no special abilities


You were on level 2 of the Dungeon.
You visited 1 branch of the dungeon, and saw 2 of its levels.

You collected 49 gold pieces.

Inventory:

Hand Weapons
 d - a +0 dagger (weapon)
Armour
 a - a +0 robe (worn)
Scrolls
 c - a scroll of torment {unknown}
 e - a scroll of revelation {unknown}
 f - 4 scrolls of teleportation {unknown}
 h - 2 scrolls of identify {unknown}
Potions
 b - a potion of magic
 g - a potion of heal wounds {unknown}
 i - a potion of invisibility {unknown}


   Skills:
 - Level 1.5 Dodging
 - Level 2.1 Stealth
 + Level 2.8 Spellcasting
 + Level 2.4 Conjurations
 + Level 4.4 Earth Magic


You had 4 spell levels left.
You knew the following spells:

 Your Spells              Type           Power      Damage    Failure   Level
a - Sandblast             Erth           34%        2d9       2%          1
b - Stone Arrow           Conj/Erth      28%        3d8       13%         3

Your spell library contained the following spells:

 Spells                   Type           Power      Damage    Failure   Level
 Passwall                 Erth           17%        N/A       9%          3
 Brom's Barrelling Bould  Conj/Erth      14%        2d4       38%         4
 Petrify                  Alch/Erth      10%        N/A       56%         4


Dungeon Overview and Level Annotations

Branches:
Dungeon (2/15)

Altars:

Shops:
D:2 *

Annotations:
D:2 Robin


Innate Abilities, Weirdness & Mutations

You are immune to sickness and miasma.
Your stone body is resilient. (AC +3)
You are immune to poison.
You resist negative energy. (rN+)
You are resistant to electric shocks. (rElec)
You are resistant to unholy torment.
You are immune to petrification.


Message History

Robin roars a battlecry!
The goblins go into a battle-frenzy!
The goblin hits you but does no damage.
You closely miss the goblin.
The goblin shoots a sling bullet.
The sling bullet barely misses you. Robin throws the goblin at you!
The goblin hits you with a +0 dagger.
There are monsters nearby!
You completely miss the goblin.
The goblin shoots a sling bullet.
The sling bullet hits you. Robin throws the goblin at you!
The goblin closely misses you. The goblin hits you with a +0 dagger.
The blast of sand hits the goblin!
You kill the goblin!
The goblin hits you with a +0 club. The goblin hits you but does no damage.
The goblin shoots a sling bullet.
The sling bullet hits you.
There are monsters nearby!
You are too injured to fight recklessly!
There are monsters nearby!
The goblin hits you with a +0 dagger.
* * * LOW HITPOINT WARNING * * *
The goblin unwields a +0 club.
The goblin wields a +0 sling.
The goblin shoots a sling bullet.
The sling bullet hits you but does no damage.
The goblin shoots a sling bullet.
The sling bullet barely misses you.
You see here a +0 dagger.
A ball python comes into view.
The goblin hits you but does no damage.
The ball python hisses angrily.
Casting: Sandblast (safe; 2% risk of failure)
Confirm with . or Enter, or press ? or * to list all spells.
Aiming: Sandblast (safe; 2% risk of failure)
Press: ? - help, Shift-Dir - straight line, f - ball python
Aim: a ball python (80% to hit)
The blast of sand hits the ball python!
You kill the ball python!
The goblin closely misses you. Robin throws the goblin at you!
The goblin hits you with a +0 dagger.
* * * LOW HITPOINT WARNING * * *
The goblin unwields a +0 sling.
The goblin wields a +0 club.
The goblin hits you with a +0 club.
You die...

. #...# ##. #.#
#.#.## ...#
#.###.#..# ....#
#%##..#..##
#....####..#.##...#
.......##....##..g##
#..#.##.#.####g.)##
#....#.#..# #g#.)#
#.....##.# #@##)g#
#..##....# #g###g.#
#..####### .†# #.#
##...# ...# .#
###..#.### #.#.# .#
#........# #.#.# .
##.#.###..# #.#.# .
...#.# ### .# ..#
####.#


You could see Robin and 3 goblins.

Vanquished Creatures
  A dart slug (D:1)
  2 ball pythons
  3 bats (D:1)
  7 endoplasms
  3 giant cockroaches
  4 goblins
  2 hobgoblins (D:1)
  A kobold (D:2)
  2 quokkas (D:1)
  6 frilled lizards (D:1)
  3 rats (D:1)
34 creatures vanquished.

Notes
Turn   | Place    | Note
-------+----------+-------------------------------------------
     0 | D:1      | CougarLife the Gargoyle Earth Elementalist began the quest
                  | for the Orb.
     0 | D:1      | Reached XP level 1. HP: 10/10 MP: 3/3
   132 | D:1      | Found a faded altar of an unknown god.
   167 | D:1      | Reached XP level 2. HP: 15/15 MP: 1/5
   269 | D:1      | Reached skill level 4 in Earth Magic
   304 | D:1      | Reached XP level 3. HP: 15/19 MP: 1/6
   846 | D:2      | Found Recef's General Store.
   888 | D:2      | Reached XP level 4. HP: 24/24 MP: 6/8
   892 | D:2      | Learned a level 3 spell: Stone Arrow
   935 | D:2      | Noticed Robin
   946 | D:2      | Slain by a goblin

Illustrated notes

Levels and vault maps discovered:
D:1:      dpeg_arrival_snail, layout_basic, hellmonk_ecumenical_altar_crossroads
D:2:      layout_rooms, serial_aquarium, aquarium_bridge_straight
          [aquarium_subvault_bridge, aquarium_subvault_window,
          aquarium_subvault_bridge, aquarium_subvault_balcony],
          aquarium_window_corridor_2, aquarium_window_1, aquarium_window_1,
          aquarium_view_2d, aquarium_pool_four, serial_shops, shop, uniq_robin

Skill      XL: |  1  2 |
---------------+-------+-----
Earth Magic    | 4 |  4.4
Conjurations   | 2 |  2.4
Dodging        | |  1.5
Stealth        | |  2.1
Spellcasting   | |  2.8

Action                     |  1- 3 |  4- 6 || total
---------------------------+-------+-------++-------
  Melee: Dagger            |    13 |     2 ||    15
   Cast: Sandblast         |    36 |     5 ||    41
 Armour: Robe              |    17 |    16 ||    33
  Dodge: Dodged            |    17 |     7 ||    24

Table legend: (Time is in decaauts)
 A = Elapsed time spent in this place.
 B = Non-inter-level travel time spent in this place.
 C = Inter-level travel time spent in this place.
 D = Time resting spent in this place.
 E = Time spent auto-exploring this place.
 F = Levels seen in this place.
 G = Mean time per level.
                   A        B        C        D        E       F      G
               +--------+--------+--------+--------+--------+-----+--------+
         Total |    965 |    943 |     22 |      0 |    770 |   2 |  482.5 |
       Dungeon |    965 |    943 |     22 |      0 |    770 |   2 |  482.5 |
               +--------+--------+--------+--------+--------+-----+--------+

Top non-repeatable levels by time:
     D:1: 862 daAuts
     D:2: 103 daAuts
